AoeStats
← CBuHDiesel

Golden Pit

509530550Analyzed
1v1 RM · 6d ago on Sep 27, 2026· 38m 45s· 2 players
Game mode
Random Map
Map size
Tiny (2 player)
Population
200
Speed
Normal
Resources
Standard
Victory
Conquest
Starting age
Dark Age
Ending age
Imperial Age
RankedLock teamsTeams togetherTeam positionsShared explorationLock speedFull tech treeHidden civsTurbo modeCheats
Victory
Defeat
🇦🇷 Japanese · Argentina
759
+15
🇷🇺 Vikings · Russia
730
-15
CBuHDiesel
12:15 Feudal Age
12:28 Man-at-Arms
13:01 Horse Collar
13:09 Double-Bit Axe
15:58 Forging
16:44 Scale Mail Armor
22:38 Castle Age
22:04 Loom
22:13 Gold Mining
22:29 Stone Mining
22:31 Arson
23:26 Heavy Plow
23:40 Bow Saw
25:28 Pikeman
40:35 Imperial Age
PERRENKEBEBE
10:41 Loom
13:10 Feudal Age
14:15 Double-Bit Axe
14:29 Man-at-Arms
23:13 Castle Age
26:55 Squires
26:27 Long Swordsman
29:17 Pikeman
34:58 Fletching
Connection lost

Rejoining the realm…

Still unreachable

The connection could not be restored.

Session expired

The server has moved on; the page needs a fresh start.